 Dungeon Crawl Stone Soup version 0.19-a0-1740-g0bcaf2e (webtiles) character file.

3483 Charly the Thaumaturge (level 9, -1/45 HPs)
             Began as a Deep Elf Fire Elementalist on Oct 2, 2016.
             Was a Believer of Vehumet.
             Slain by an ogre
             ... wielding a +0 giant club
              (16 damage)
             ... on level 7 of the Dungeon.
             The game lasted 00:25:15 (3506 turns).

Charly the Thaumaturge (Deep Elf Fire Elementalist) Turns: 3506, Time: 00:25:15

Health: -1/45      AC:  3    Str:  9    XL:     9   Next: 79%
Magic:  9/26       EV: 13    Int: 24    God:    Vehumet [**....]
Gold:   226        SH:  0    Dex: 15    Spells: 4 memorised, 18 levels left

rFire  + . .     SeeInvis .     o - +3 long sword "Beastslayer" {holy, rF+ rC- Str+4 Stlth+}
rCold  x . .     Gourm    .     a - +0 robe
rNeg   . . .     Faith    .     (no shield)
rPois  +         Spirit   .     (no helmet)
rElec  .         Dismiss  .     u - +0 cloak
rCorr  .         Reflect  .     (no gloves)
MR     +....     Harm     .     (no boots)
Stlth  +++.......               (no amulet)
                                (no ring)
                                h - ring of protection from magic

@: no status effects
A: poison resistance
a: Renounce Religion


You were on level 7 of the Dungeon.
You worshipped Vehumet.
Vehumet was pleased with you.
You were very hungry.

You visited 2 branches of the dungeon, and saw 9 of its levels.

You collected 226 gold pieces.

Inventory:

Hand Weapons
 o - the +3 long sword "Beastslayer" (weapon) {holy, rF+ rC- Str+4 Stlth+}
   (You found it on level 4 of the Dungeon)

   It has been blessed by the Shining One to cause great damage to the undead
   and demons.
   It affects your strength (+4).
   It protects you from fire.
   It makes you vulnerable to cold.
   It makes you more stealthy.
Armour
 a - a +0 robe (worn)
 u - a +0 cloak (worn)
Jewellery
 h - a ring of protection from magic (left hand)
 v - an uncursed ring of flight
Wands
 w - a wand of enslavement (13/24)
Scrolls
 e - 2 scrolls of amnesia
Potions
 d - a potion of mutation {unknown}
 j - a potion of ambrosia {unknown}
 k - 4 potions of curing
 l - 2 potions of magic
 p - 2 potions of might
 r - a potion of degeneration {unknown}
 t - a potion of lignification
Comestibles
 c - 4 bread rations
 i - a meat ration


   Skills:
 - Level 2.4 Dodging
 - Level 2.4 Stealth
 * Level 11.5 Spellcasting
 * Level 10.8 Conjurations
 + Level 6.1 Fire Magic


You had 18 spell levels left.
You knew the following spells:

 Your Spells              Type           Power        Failure   Level  Hunger
c - Conjure Flame         Conj/Fire      ######..     1%          3    None
f - Flame Tongue          Conj/Fire      #####        1%          1    None
s - Sticky Flame          Conj/Fire      ######..     1%          4    None
B - Fireball              Conj/Fire      ######....   4%          5    ####...


Dungeon Overview and Level Annotations

Branches:
Dungeon (8/15)             Temple (1/1) D:4
   Lair: D:8-11

Altars:
Ashenzari
Cheibriados
Dithmenos
Elyvilon
Fedhas
Gozag
Hepliaklqana
Kikubaaqudgha
Makhleb
Nemelex Xobeh
Okawaru
Qazlal
Ru
Sif Muna
Trog
Uskayaw
Vehumet
Xom
Yredelemnul
The Shining One

Annotations:
D:2 exclusion: downstairs
D:4 kae's ghost, amateur FoFi
D:6 exclusion: downstairs
D:7 2 runed doors, exclusion: downstairs


Innate Abilities, Weirdness & Mutations

Your system is resistant to poisons. (rPois)


Message History

The worker ant bites you.
* * * LOW HITPOINT WARNING * * *
An orc comes into view. It is wielding a dagger.
The orc shouts!
Your magical contamination has completely faded away.
An orc comes into view. It is wielding a club.
An ogre comes into view. It is wielding a giant club.
The worker ant closely misses you.
Found a hand axe.
The soldier ant waves its antennae.
The worker ant completely misses you.
The ogre shouts!
The iguana hisses angrily.
Found a stone staircase leading down.
Found a glowing moonstone ring.
The worker ant bites you.
* * * LOW HITPOINT WARNING * * *
The worker ant waves its antennae.
The ogre hits you with a giant club!
You die...

...#......# ......
#.......#......#####.##.
........................
....... #..........#....
....... #...............
.......
#.....o...@Oal.............
.......###....##........
....... .....####......
....... ......# .......
..............# ........
..............# #O
####'#.#......# #.
#'#.###...=# #. ..#... #


You could see a soldier ant, an ogre, an iguana, 2 worker ants and an orc.

Vanquished Creatures
  Pikel (D:5)
  A two-headed ogre (D:7)
  A hippogriff (D:6)
  A wraith (D:6)
  Menkaure (D:7)
  3 soldier ants (D:7)
  A water moccasin (D:7)
  2 sky beasts
  An orc warrior (D:7)
  2 black bears
  An ice beast (D:6)
  A necrophage (D:6)
  An ogre (D:4)
  A centaur (D:6)
  6 bullfrogs
  A gnoll sergeant (D:7)
  A howler monkey (D:6)
  4 crimson imps
  A jelly (D:5)
  3 orc priests
  A hound (D:4)
  A bullfrog skeleton (D:6)
  3 orc wizards
  5 worker ants
  A hound zombie (D:6)
  A worker ant zombie (D:6)
  3 gnolls (D:7)
  4 adders
  A shadow imp (D:5)
  3 leopard geckos
  11 orcs
  A ball python (D:2)
  2 giant cockroaches
  3 goblins (D:1)
  3 hobgoblins
  6 jackals
  4 kobolds
  3 quokkas
  6 bats
  3 frilled lizards
  A jackal zombie (D:7)
  A leopard gecko zombie (D:7)
  5 rats
106 creatures vanquished.

Notes
Turn   | Place    | Note
-------+----------+-------------------------------------------
     0 | D:1      | Charly the Deep Elf Fire Elementalist began the quest for the Orb.
     0 | D:1      | Reached XP level 1. HP: 10/10 MP: 6/6
   152 | D:1      | Reached XP level 2. HP: 12/15 MP: 0/8
   397 | D:2      | Found a stormy altar of Qazlal.
   832 | D:3      | Reached XP level 3. HP: 12/19 MP: 3/10
   942 | D:3      | Reached skill level 4 in Spellcasting
  1022 | D:3      | Reached XP level 4. HP: 17/24 MP: 6/12
  1027 | D:3      | Learned a level 3 spell: Conjure Flame
  1032 | D:3      | Learned a level 4 spell: Sticky Flame
  1185 | D:5      | Entered Level 5 of the Dungeon
  1255 | D:4      | Noticed an ogre
  1274 | D:4      | Killed an ogre
  1274 | D:4      | Reached skill level 5 in Spellcasting
  1274 | D:4      | Reached XP level 5. HP: 28/28 MP: 0/14
  1367 | D:4      | Noticed kae's ghost (amateur FoFi)
  1409 | D:4      | Got a warped long sword
  1410 | D:4      | Identified the +3 long sword "Beastslayer" {holy, rF+ rC- Str+4 Stlth+} (You found it on level 4 of the Dungeon)
  1425 | D:4      | Found a staircase to the Ecumenical Temple.
  1447 | Temple   | Entered the Ecumenical Temple
  1576 | D:4      | Learned a level 5 spell: Fireball
  1661 | D:5      | Noticed a slave
  1662 | D:5      | Noticed a slave
  1663 | D:5      | Noticed Pikel
  1665 | D:5      | Noticed a slave
  1666 | D:5      | Noticed a slave
  1699 | D:5      | Found a radiant altar of Vehumet.
  1711 | D:5      | Killed Pikel
  1711 | D:5      | Reached skill level 6 in Spellcasting
  1711 | D:5      | Reached XP level 6. HP: 4/32 MP: 1/17
  1711 | D:5      | Reached XP level 7. HP: 4/36 MP: 1/19
  1977 | D:5      | Became a worshipper of Vehumet
  2033 | D:5      | Found a shattered altar of Ashenzari.
  2072 | D:6      | Reached skill level 7 in Spellcasting
  2081 | D:6      | Gained mutation: Your system is resistant to poisons. (rPois) [mutagenic meat]
  2148 | D:7      | Noticed a two-headed ogre
  2159 | D:7      | Noticed Menkaure
  2160 | D:7      | Killed Menkaure
  2359 | D:6      | Reached XP level 8. HP: 18/41 MP: 12/21
  2502 | D:6      | Reached skill level 8 in Spellcasting
  2507 | D:6      | Noticed a hippogriff
  2516 | D:6      | Killed a hippogriff
  2547 | D:6      | Reached skill level 9 in Spellcasting
  2725 | D:6      | Reached * piety under Vehumet
  2725 | D:6      | Offered knowledge of Magic Dart by Vehumet.
  2913 | D:7      | Killed a two-headed ogre
  2913 | D:7      | Reached skill level 10 in Spellcasting
  2913 | D:7      | Reached XP level 9. HP: 45/45 MP: 7/25
  2917 | D:7      | Reached skill level 5 in Fire Magic
  2928 | D:7      | Reached skill level 10 in Conjurations
  3278 | D:7      | Found a shimmering altar of Xom.
  3278 | D:7      | Found a blossoming altar of Fedhas.
  3279 | D:7      | Found an opulent altar of Gozag.
  3322 | D:7      | Found a runed gate.
  3323 | D:7      | Found a runed door.
  3333 | D:7      | Found a runed gate.
  3333 | D:7      | Found a runed gate.
  3361 | D:7      | Reached skill level 11 in Spellcasting
  3418 | D:7      | Found a runed door.
  3443 | D:7      | Reached ** piety under Vehumet
  3443 | D:7      | Offered knowledge of Sting by Vehumet.
  3506 | D:7      | Slain by an ogre

Vault maps used:
D:1:      scummos_arrival_star, corexii_corridor_pit, minmay_vboxes
D:2:      nicolae_overflow_crystal_walls, minmay_split_cup_large
D:4:      serial_shops, nicolae_shop_overgrown_old_shop
D:5:      fiery_altar_vehumet, first_bread, basic_altar, uniq_pikel
D:6:      hangedman_cross_stitches
D:7:      gammafunk_temple_overflow_claw, zin_angel,
          minmay_guarded_unrand_staff_of_olgreb, uniq_menkaure
Temple:   regret_index_temple_waves

Skill      XL: |  1  2  3  4  5  6  7  8  9 |
---------------+----------------------------+-----
Conjurations   | 2 3 4 7 8 9 10 | 10.8
Spellcasting   | 4 5 6 7 10 11 | 11.5
Fire Magic     | 4 6 |  6.1
Dodging        | |  2.4
Stealth        | |  2.4

Action                   |  1- 3 |  4- 6 |  7- 9 || total
-------------------------+-------+-------+-------++-------
Melee: Unarmed           |    23 |       |       ||    23
       Long sword        |       |     2 |    53 ||    55
 Cast: Flame Tongue      |    62 |    29 |    94 ||   185
       Conjure Flame     |       |     2 |     5 ||     7
       Sticky Flame      |       |     2 |    13 ||    15
       Fireball          |       |       |    11 ||    11
  Use: Scroll            |     1 |     1 |     8 ||    10
 Stab: Sleeping          |       |       |     1 ||     1
  Eat: Chunk             |       |     1 |     3 ||     4
       Meat ration       |       |       |     1 ||     1
       Fruit             |       |       |     2 ||     2
Armor: Robe              |    18 |     1 |    10 ||    29
Dodge: Dodged            |    62 |    12 |    41 ||   115
